 Dungeon Crawl Stone Soup version 0.26-b1-32-g5d43845318 (webtiles) character file.

Game seed: 1819357287727754647

1848 salade2fruit the Martial Artist (level 9, -5/61 HPs)
             Began as an Octopode Transmuter on Jan 9, 2021.
             Was a Believer of Cheibriados.
             Slain by an orc warrior
             ... wielding a +0 broad axe
              (14 damage)
             ... on level 6 of the Dungeon.
             The game lasted 00:17:40 (8895 turns).

salade2fruit the Martial Artist (OpTm)              Turns: 8895, Time: 00:17:41

Health: -5/61      AC:  1    Str: 14    XL:     9   Next: 12%
Magic:  12/12      EV: 14    Int: 28    God:    Cheibriados [**....]
Gold:   412        SH:  0    Dex: 16    Spells: 3/12 levels left

rFire    . . .     SeeInvis .     - Unarmed
rCold    . . .     Faith    .   (no shield)
rNeg     . . .     Spirit   .   (helmet restricted)
rPois    .         Reflect  .   (no amulet)
rElec    .         Harm     .   f - ring of resist corrosion
rCorr    +         Rampage  .   p - ring of stealth
Will     .....                  v - +6 ring of intelligence
Stlth    +++++.....             (no ring)
HPRegen  0.20/turn              (no ring)
MPRegen  0.13/turn              (no ring)
                                (no ring)
                                (no ring)

@: about to teleport, very slow
A: almost no armour, stealthy swim, amphibious, 8 rings, constrict 8, camouflage
1, gelatinous body 1
a: Renounce Religion, Bend Time


You were on level 6 of the Dungeon.
You worshipped Cheibriados.
Cheibriados was pleased with you.
You visited 2 branches of the dungeon, and saw 8 of its levels.

You collected 412 gold pieces.

Inventory:

Jewellery
 f - a ring of resist corrosion (left tentacle)
 p - a ring of stealth (right tentacle)
 v - a +6 ring of intelligence (on tentacle)
Wands
 m - a wand of iceblast (11)
 u - a wand of polymorph (3)
Scrolls
 a - 2 scrolls of random uselessness {unknown}
 b - 4 scrolls of enchant armour
 c - 3 scrolls of remove curse
 e - 8 scrolls of teleportation
 i - 2 scrolls of immolation {unknown}
 l - a scroll of identify
 n - a scroll of blinking {unknown}
 o - a scroll of fear {unknown}
 q - a scroll of fog {unknown}
 r - a scroll of magic mapping {unknown}
Potions
 d - 2 potions of cancellation
 g - 2 potions of curing
 h - a potion of resistance {unknown}
 j - a potion of might {unknown}
 k - 3 potions of heal wounds
 s - 3 potions of brilliance
 t - a potion of haste {unknown}
 w - a potion of magic {unknown}


   Skills:
 + Level 5.2 Fighting
 + Level 2.6 Dodging
 - Level 6.0 Stealth
 + Level 8.0 Unarmed Combat
 - Level 2.3 Spellcasting
 + Level 5.1 Transmutations
 + Level 1.6 Invocations


You had 3 spell levels left.
You knew the following spells:

 Your Spells              Type           Power        Failure   Level
a - Beastly Appendage     Tmut           64%          1%          1
t - Spider Form           Tmut/Pois      8%           10%         3
z - Blade Hands           Tmut           16%          30%         5

Your spell library contained the following spells:

 Spells                   Type           Power        Failure   Level
 Wereblood                Tmut           32%          1%          2
 Ice Form                 Ice/Tmut       17%          30%         4


Dungeon Overview and Level Annotations

Branches:
Dungeon (7/15)             Temple (1/1) D:6

Altars:
Ashenzari
Cheibriados
Dithmenos
Elyvilon
Fedhas
Gozag
Hepliaklqana
Kikubaaqudgha
Makhleb
Qazlal
Ru
Sif Muna
Trog
Uskayaw
Vehumet
Wu Jian
Xom
Yredelemnul
Zin
The Shining One

Annotations:
D:2 Sigmund


Innate Abilities, Weirdness & Mutations

You cannot wear most types of armour.
You are very stealthy in the water. (Stealth+)
You are amphibious.
You can wear up to eight rings at the same time.
You can use your tentacles to constrict eight enemies at once.
Your skin changes colour to match your surroundings (Stealth+).
Your rubbery body absorbs attacks. (AC +1, EV +1)


Message History

The orc wizard blinks!
The jackal barks!
There is a stone staircase leading up, spattered with blood here.
The jackal bites you. The sky beast hits you. The sky beast shocks you.
The orc barely misses you. The orc warrior completely misses you.
The orc wizard closely misses you. The phantom hits you.
You climb upwards.
There is a stone staircase leading down here.
Unknown command.
As you read the scroll of teleportation, it crumbles to dust.
You feel strangely unstable. The jackal barely misses you.
The orc wizard mumbles some strange words.
The orc wizard blinks!
The sky beast hits you.
* * * LOW HITPOINT WARNING * * *
The sky beast shocks you.
* * * LOW HITPOINT WARNING * * *
The orc hits you with a +0 club.
* * * LOW HITPOINT WARNING * * *
The orc warrior hits you with a +0 broad axe!
You die...

#...#####.....##....(.........
#.#..#.##.....................
#.#...........................
##.##.<........................
##...........##...#.#...........
#...........#o(.....#......(#...
#.......##.##...............#...
#......#####..Wh....#..........#
#####..# #..o@o...#..#####.###
#### #..§Y#......# #.#
#######.....# ###.### ##.#..#
###'### ##...####[.⌠##
#......'[>.#. ##.#####[.⌠## #.##
####### ##..#########


You could see a phantom, an orc warrior, a sky beast, an orc wizard (fast), an
orc and a jackal.

Vanquished Creatures
  2 orc warriors (D:6)
  An ice beast (D:7)
  3 ogres (D:6)
  A gnoll sergeant (D:6)
  4 scorpions (D:5)
  A howler monkey (D:5)
  2 bullfrog zombies
  2 centaur zombies
  4 orc priests (D:6)
  7 hounds
  2 centaur skeletons
  A gnoll shaman (D:6)
  Jessica (D:2)
  2 iguanas
  5 orc wizards (D:6)
  4 worker ants
  4 gnolls (D:6)
  3 adders
  2 shadow imps (D:5)
  2 oozes (D:1)
  A worm (D:2)
  3 leopard geckos
  9 orcs
  6 giant cockroaches
  6 goblins
  15 hobgoblins
  5 jackals
  5 quokkas
  2 ball pythons (D:4)
  3 bats
  7 frilled lizards
  11 kobolds
  A leopard gecko zombie (D:4)
  9 rats
136 creatures vanquished.

Vanquished Creatures (others)
  36 plants (D:6)
36 creatures vanquished.

Grand Total: 172 creatures vanquished

Notes
Turn   | Place    | Note
-------+----------+-------------------------------------------
     0 | D:1      | salade2fruit the Octopode Transmuter began the quest for
                  | the Orb.
     0 | D:1      | Reached XP level 1. HP: 13/13 MP: 3/3
    47 | D:1      | Reached skill level 1 in Stealth
   141 | D:1      | Reached XP level 2. HP: 17/18 MP: 3/5
   660 | D:1      | Reached XP level 3. HP: 21/23 MP: 4/6
  1039 | D:2      | Found a burning altar of Makhleb.
  1459 | D:2      | Noticed Sigmund
  1735 | D:3      | Found a shimmering blue altar of Sif Muna.
  1764 | D:3      | Reached skill level 5 in Stealth
  1772 | D:3      | Reached XP level 4. HP: 23/28 MP: 5/7
  1931 | D:3      | HP: 2/42 [centaur zombie (8)]
  2779 | D:4      | Reached XP level 5. HP: 17/33 MP: 6/8
  3242 | D:4      | Learned a level 3 spell: Spider Form
  3386 | D:4      | Found a broken altar of Ashenzari.
  3589 | D:4      | Reached skill level 4 in Unarmed Combat
  3845 | D:5      | Entered Level 5 of the Dungeon
  3886 | D:5      | Found a burning altar of Makhleb.
  3919 | D:5      | Reached XP level 6. HP: 26/39 MP: 9/9
  4298 | D:5      | Found a glowing silver altar of Zin.
  4618 | D:5      | Reached skill level 5 in Unarmed Combat
  4618 | D:5      | Reached XP level 7. HP: 23/45 MP: 8/10
  5060 | D:5      | You fall into a shaft and drop 2 floors!
  5060 | D:7      | Found a hide-covered altar of Uskayaw.
  5698 | D:5      | Reached skill level 6 in Unarmed Combat
  5936 | D:6      | Learned a level 5 spell: Blade Hands
  5952 | D:6      | Found a staircase to the Ecumenical Temple.
  6284 | Temple   | Entered the Ecumenical Temple
  6354 | Temple   | Became a worshipper of Cheibriados the Contemplative
  6723 | D:6      | Reached XP level 8. HP: 46/54 MP: 9/11
  7058 | D:2      | Noticed Jessica
  7066 | D:2      | Killed Jessica
  7235 | D:2      | Reached * piety under Cheibriados
  7637 | D:6      | Reached skill level 7 in Unarmed Combat
  8491 | D:6      | Reached skill level 5 in Fighting
  8500 | D:6      | Reached XP level 9. HP: 45/61 MP: 10/12
  8623 | D:6      | Reached skill level 5 in Transmutations
  8623 | D:6      | Reached skill level 1 in Invocations
  8651 | D:6      | Reached ** piety under Cheibriados
  8660 | D:6      | Reached skill level 8 in Unarmed Combat
  8895 | D:6      | Slain by an orc warrior

Illustrated notes

Levels and vault maps discovered:
D:1:      tarquinn_simple_flora_water_f, layout_loops_corners
D:2:      layout_basic, old_standard_altar, kennysheep_generic_room_11,
          uniq_jessica, uniq_sigmund
D:3:      layout_rooms, serial_bayou, serial_bayou_pond_c,
          serial_bayou_lagoon_b, serial_bayou_shore_a, serial_bayou_pond_a,
          led_sif_pool
D:4:      layout_basic, ashenzari_altar_1, portal_sewer_entry_e,
          chequers_serial_rivers_room_b
D:5:      layout_loops_corners, basic_altar, serial_bayou_pond_e, fountainhead,
          bloody_makhleb
D:6:      kennysheep_housing_project, layout_cave_pools, temple_doors_cd,
          serial_park, serial_park_tiny_pond, serial_park_gazebo
          [serial_park_minivault_5x5_4]
D:7:      layout_gridville, serial_shops, shop_statue, basic_altar
Temple:   dpeg_five_rooms_temple

Skill      XL: |  1  2  3  4  5  6  7  8  9 |
---------------+----------------------------+-----
Stealth        | 2 3 5 6 |  6.0
Unarmed Combat | 4 5 6 7 8 |  8.0
Fighting       | 2 3 5 |  5.2
Transmutations | 3 4 5 |  5.1
Invocations    | 1 |  1.6
Dodging        | |  2.6
Spellcasting   | |  2.3

Action                   |  1- 3 |  4- 6 |  7- 9 || total
-------------------------+-------+-------+-------++-------
Melee: Unarmed           |    62 |   104 |   161 ||   327
       Kick              |    15 |    23 |    47 ||    85
       Constrict         |    18 |    18 |    43 ||    79
       Tentacles         |    11 |    14 |    32 ||    57
       Punch             |       |       |     7 ||     7
 Cast: Beastly Appendage |    19 |    22 |    34 ||    75
Invok: Bend Time         |       |       |     1 ||     1
Evoke: Wand              |       |       |    15 ||    15
  Use: Potion            |       |     2 |     3 ||     5
       Scroll            |       |       |     7 ||     7
 Stab: Sleeping          |     7 |    16 |     7 ||    30
       Distracted        |       |       |     2 ||     2
Armor: Skin              |     3 |     5 |     7 ||    15
Dodge: Dodged            |    29 |    58 |    93 ||   180
